 Dungeon Crawl Stone Soup version 0.32-a0-953-g508020473e (webtiles) character file.

Game seed: 10281930777847153810

28 gruber the Chiller (level 2, -2/19 HPs)
             Began as a Demonspawn Ice Elementalist on Apr 16, 2024.
             Slain by a ribbon worm (6 damage)
             ... on level 2 of the Dungeon.
             The game lasted 00:00:59 (1711 turns).

gruber the Chiller (Demonspawn Ice Elementalist)    Turns: 1711, Time: 00:01:00

Health: -2/19      AC:  4    Str:  8    XL:     2   Next: 96%
Magic:  0/5        EV:  5    Int: 15    God:
Gold:   88         SH:  0    Dex: 13    Spells: 4/5 levels left

rFire   . . .        (no weapon)
rCold   . . .        (no shield)
rNeg    . . .        a - +0 robe
rPois   .            m - +1 helmet {SInv}
rElec   .            (no cloak)
rCorr   .            (no gloves)
SInv    +            (no boots)
Will    .....        (no amulet)
Stlth   ++           (no ring)
HPRegen 0.23/turn    (no ring)
MPRegen 0.09/turn

%: no passive effects
@: held
A: weakness stinger 1
a: no special abilities


You were on level 2 of the Dungeon.
You visited 1 branch of the dungeon, and saw 2 of its levels.

You collected 88 gold pieces.

Inventory:

Armour
 a - a +0 robe (worn)
 m - a +1 helmet of see invisible (worn)
Scrolls
 e - a scroll of blinking {unknown}
 j - a scroll of acquirement {unknown}
 k - a scroll of torment {unknown}
 l - a scroll of silence {unknown}
 n - a scroll of teleportation {unknown}
Potions
 b - a potion of magic
 c - 3 potions of heal wounds {unknown}
 d - a potion of degeneration {unknown}
 f - a potion of ambrosia {unknown}
 g - 2 potions of berserk rage {unknown}
 h - a potion of curing {unknown}
 i - a potion of haste {unknown}
 o - a potion of attraction {unknown}
 p - a potion of might {unknown}


   Skills:
 - Level 1.7 Dodging
 - Level 1.7 Stealth
 - Level 2.0 Spellcasting
 + Level 4.5 Ice Magic


You had 4 spell levels left.
You knew the following spells:

 Your Spells              Type           Power      Damage    Failure   Level
a - Freeze                Ice            60%        1d7       3%          1

Your spell library contained the following spells:

 Spells                   Type           Power      Damage    Failure   Level
 Frozen Ramparts          Ice            30%        1d5       11%         3
 Ozocubu's Armour         Ice            15%        N/A       11%         3
 Summon Ice Beast         Ice/Summ       8%         N/A       26%         3
 Olgreb's Toxic Radiance  Alch           1%         N/A       91%         4
 Ozocubu's Refrigeration  Ice            7%         4d9       100%        7
 Discord                  Hex            0%         N/A       100%        8


Dungeon Overview and Level Annotations

Branches:
Dungeon (2/15)

Altars:

Shops:
D:1 [


Innate Abilities, Weirdness & Mutations

You have a small tail.


Message History

Your tail-slap misses the ribbon worm.
The ribbon worm is heavily wounded.
The ribbon worm bites you.
You hit the ribbon worm.
The ribbon worm is heavily wounded.
The ribbon worm bites you.
* * * LOW HITPOINT WARNING * * *
You hit the ribbon worm but do no damage.
Your tail-slap misses the ribbon worm.
The ribbon worm is moderately wounded.
The ribbon worm bites you.
* * * LOW HITPOINT WARNING * * *
You hit the ribbon worm but do no damage.
You tail-slap the ribbon worm, but do no damage.
The ribbon worm is moderately wounded.
The ribbon worm barely misses you.
You hit the ribbon worm.
You tail-slap the ribbon worm, but do no damage.
You punch the ribbon worm, but do no damage.
The ribbon worm is moderately wounded.
You hit the ribbon worm. You tail-slap the ribbon worm.
The ribbon worm is heavily wounded.
The ribbon worm misses you.
You barely miss the ribbon worm.
The ribbon worm is heavily wounded.
The ribbon worm bites you but does no damage.
You hit the ribbon worm.
The ribbon worm is heavily wounded.
The ribbon worm expels a string of sticky webbing.
The stream of webbing hits you but does no damage.
You are caught in a web!
Casting: Freeze (safe; 3% risk of failure)
Confirm with . or Enter, or press ? or * to list all spells.
Aiming: Freeze (safe; 3% risk of failure)
Press: ? - help, Shift-Dir - straight line, f/p - ribbon worm
Aim: a ribbon worm (heavily wounded)
You freeze the ribbon worm.
The ribbon worm is heavily wounded.
The ribbon worm bites you.
You die...

#.................
#.........#.......
#.........#.......
#.........##.#....
#.....>...........
#.................
#.................
#w####......)...## #@#
#..........##
#.####............
#....#............
####.#............
#..............
#..............
#.............#
#......###....#
########..............


You could see a ribbon worm.

Vanquished Creatures
  A gnoll (D:1)
  A ball python (D:2)
  A bat (D:1)
  An endoplasm (D:2)
  4 goblins
  A hobgoblin (D:1)
  2 quokkas (D:1)
  A kobold (D:2)
  5 rats
17 creatures vanquished.

Notes
Turn   | Place    | Note
-------+----------+-------------------------------------------
     0 | D:1      | gruber the Demonspawn Ice Elementalist began the quest for
                  | the Orb.
     0 | D:1      | Reached XP level 1. HP: 13/13 MP: 3/3
    83 | D:1      | Found Loirirr's Antique Armour Shoppe.
   280 | D:1      | Reached skill level 4 in Ice Magic
   280 | D:1      | Gained mutation: You have a small tail. [demonic ancestry]
   280 | D:1      | Reached XP level 2. HP: 8/19 MP: 0/5
   592 | D:1      | Found a faded altar of an unknown god.
  1711 | D:2      | Slain by a ribbon worm

Illustrated notes

Levels and vault maps discovered:
D:1:      dpeg_arrival_concentric_ovals, layout_basic,
          chequers_ecumenical_altar_island, serial_shops, shop_statue,
          supply_closet_lemuel
D:2:      layout_basic, feat_on_display

Skill      XL: |  1 |
---------------+----+-----
Ice Magic      | 4 |  4.5
Dodging        | |  1.7
Stealth        | |  1.7
Spellcasting   | |  2.0

Action                     || total
---------------------------++-------
  Melee: Unarmed           ||    28
         Tailslap          ||     5
         Punch             ||     1
   Cast: Freeze            ||    32
   Stab: Sleeping          ||     2
 Armour: Robe              ||    29
  Dodge: Dodged            ||    23

Table legend: (Time is in decaauts)
 A = Elapsed time spent in this place.
 B = Non-inter-level travel time spent in this place.
 C = Inter-level travel time spent in this place.
 D = Time resting spent in this place.
 E = Time spent auto-exploring this place.
 F = Levels seen in this place.
 G = Mean time per level.
                   A        B        C        D        E       F      G
               +--------+--------+--------+--------+--------+-----+--------+
         Total |   1713 |   1660 |     53 |      0 |   1496 |   2 |  856.5 |
       Dungeon |   1713 |   1660 |     53 |      0 |   1496 |   2 |  856.5 |
               +--------+--------+--------+--------+--------+-----+--------+

Top non-repeatable levels by time:
     D:1: 1120 daAuts
     D:2: 593 daAuts
